Map: Givre EC

Players

Worming - Winner!

  • Race: Zerg Zerg
  • League: Diamond

Kukulza

  • Race: Protoss Protoss
  • League: Diamond

VOD

Have the link to the VOD?

Description

Time

  • Played on: June 30, 2016, 1:37 p.m.
  • Length: 11:35
Show
View Real Time Build Order
Export as new Build Order

Worming Zerg - Winner!

Build Orders: Hatch First 

Get SALT Encoding   

  12  0:01  Drone  
  13  0:13  Overlord  
  13  0:17  Drone  
  14  0:32  Drone x2  
  16  0:39  Drone  
  17  0:53  Hatchery  
  16  0:59  Drone  
  17  1:10  Spawning Pool  
  16  1:12  Drone  
  16  1:15  Extractor  
  16  1:18  Drone  
  17  1:22  Drone  
  18  1:29  Drone  
  19  1:41  Overlord  
  19  2:17  Zergling x10  
  19  2:18  Queen  
  24  2:46  Queen, Drone x4  
  24  2:47  Metabolic Boost  
  30  3:05  Drone x4  
  34  3:12  Overlord  
  34  3:26  Drone  
  35  3:32  Overlord  
  35  3:38  Drone  
  35  3:39  Drone x3  
  38  3:46  Evolution Chamber  
  38  3:48  Hatchery  
  36  3:50  Drone x3  
  39  3:59  Drone x5  
  44  4:12  Zerg Missile Weapons Level 1  
  44  4:19  Overlord  
  44  4:23  Drone x5  
  49  4:31  Lair  
  49  4:34  Extractor  
  49  4:35  Roach Warren  
  47  5:05  Spine Crawler, Extractor  
  46  5:07  Drone x7  
  52  5:22  Overlord x2  
  52  5:28  Zergling x4  
  52  5:29  Zergling x10  
  56  6:07  Glial Reconstitution  
  56  6:09  Roach x5  
  56  6:10  Roach x4  
  69  6:29  Zerg Missile Weapons Level 2  
  69  6:30  Overlord x2  
  67  6:36  Drone x6  
  67  6:37  Extractor  
  72  6:46  Drone x5  
  77  6:55  Drone x2, Hydralisk Den  
  77  6:57  Drone  
  79  7:29  Hydralisk x9  
  93  7:32  Drone  
  93  7:36  Spine Crawler, Extractor  
  88  7:37  Extractor  
  88  7:41  Zergling x2  
  84  7:55  Overlord x3  
  84  7:56  Overlord, Pneumatized Carapace  
  85  7:58  Drone x3  
  85  7:59  Drone  
  85  8:03  Queen  
  90  8:06  Overlord x3  
  90  8:13  Queen, Muscular Augments  
  90  8:16  Hatchery  
  86  8:34  Roach x7  
  86  8:39  Infestation Pit  
  97  8:45  Zerg Ground Armor Level 1  
  85  8:57  Roach x4  
  85  8:58  Roach x7  
  101  9:10  Queen  
  101  9:14  Overlord x2  
  101  9:15  Roach x6  
  117  9:17  Hive  
  117  9:21  Hydralisk x3  
  117  9:24  Ravager x4  
  125  9:26  Zergling x2  
  126  9:34  Overseer  
  126  9:36  Zergling x2  
  126  9:37  Zergling x4  
  129  9:47  Zergling x2  
  129  9:48  Zergling x14  
  129  9:49  Lurker Den  
  137  9:56  Zergling x12  
  143  10:05  Pathogen Glands  
  143  10:07  Overlord x5  
  136  10:23  Hydralisk  
  136  10:24  Hydralisk x6  
  136  10:25  Roach x7  
  154  10:39  Spire  
  149  10:55  Roach  
  149  10:56  Zergling x10, Roach x5  
  166  10:58  Ravager x2  
Show
View Real Time Build Order
Export as new Build Order

Kukulza Protoss 

Build Orders:  

Get SALT Encoding   

  12  0:01  Probe (Chrono Boost)  
  13  0:22  Pylon  
  13  0:25  Probe (Chrono Boost)  
  15  0:35  Probe (Chrono Boost)  
  15  0:47  Probe (Chrono Boost)  
  16  1:06  Nexus  
  16  1:12  Probe (Chrono Boost)  
  17  1:22  Forge  
  17  1:27  Pylon  
  17  1:29  Probe (Chrono Boost)  
  19  1:40  Probe (Chrono Boost)  
  19  1:47  Pylon  
  19  1:50  Probe (Chrono Boost)  
  20  1:55  Assimilator  
  20  2:01  Probe (Chrono Boost)  
  21  2:07  Photon Cannon  
  21  2:09  Photon Cannon  
  21  2:19  Photon Cannon  
  21  2:21  Probe (Chrono Boost)  
  21  2:22  Probe (Chrono Boost)  
  23  2:41  Probe x2 (Chrono Boost)  
  23  2:42  Photon Cannon  
  25  2:48  Photon Cannon  
  24  2:51  Probe (Chrono Boost)  
  24  2:52  Probe (Chrono Boost)  
  26  3:02  Probe x2 (Chrono Boost)  
  28  3:07  Gateway  
  28  3:12  Assimilator  
  29  3:13  Probe x2 (Chrono Boost)  
  29  3:14  Assimilator  
  30  3:23  Probe x2 (Chrono Boost)  
  30  3:24  Assimilator  
  32  3:34  Probe x2 (Chrono Boost)  
  34  3:44  Probe x2 (Chrono Boost)  
  34  3:45  Photon Cannon  
  36  3:49  Photon Cannon  
  36  3:50  Pylon  
  36  3:58  Pylon  
  36  4:03  Probe x2 (Chrono Boost)  
  38  4:14  Probe x2 (Chrono Boost)  
  40  4:21  Cybernetics Core  
  40  4:23  Photon Cannon  
  40  4:27  Probe x2 (Chrono Boost)  
  42  4:40  Gateway  
  34  4:58  Mothership Core (Chrono Boost)  
  36  5:02  Probe (Chrono Boost)  
  37  5:13  Probe (Chrono Boost)  
  37  5:23  Probe (Chrono Boost)  
  38  5:34  Stalker  
  40  5:36  Warp Gate  
  40  5:40  Pylon  
  40  5:41  Gateway  
  40  5:57  Probe x2 (Chrono Boost)  
  41  6:07  Probe x2 (Chrono Boost)  
  43  6:18  Probe (Chrono Boost)  
  44  6:20  Zealot  
  44  6:31  Photon Cannon  
  44  6:34  Gateway  
  44  6:35  Gateway  
  44  6:37  Gateway, Pylon  
  44  6:42  Pylon  
  44  6:57  Gateway  
  44  7:01  Pylon  
  42  7:39  Stalker x3  
  42  7:40  Stalker x2  
  52  8:00  Stalker  
  54  8:05  Pylon  
  54  8:06  Pylon, Stalker x5  
  54  8:08  Pylon  
  54  8:10  Pylon  
  64  8:13  Pylon  
  64  8:17  Probe x2 (Chrono Boost)  
  61  8:27  Probe (Chrono Boost)  
  61  8:28  Probe (Chrono Boost)  
  61  8:29  Zealot x2  
  61  8:30  Zealot x4  
  75  8:38  Protoss Ground Weapons Level 1 (Chrono Boost), Mothership Core (Chrono Boost), Probe (Chrono Boost)  
  68  8:56  Stalker x5  
  68  8:57  Stalker  
  79  9:16  Pylon  
  79  9:22  Zealot x5  
  79  9:23  Zealot  
  91  9:46  Zealot x3  
  91  9:47  Zealot x3  
  75  10:33  Zealot x2  
  75  10:34  Zealot  
  77  10:37  Sentry  
  77  10:38  Sentry x2  
  79  11:11  Zealot  
Tags
 
Add a new tag
Caveats
  • Supply blocks, unpowered buildings, or Contaminate may cause inaccurate times.
  • Supply counts are checked every 10 seconds.